 Dungeon Crawl Stone Soup version 0.27-a0-1438-g9b7c6745da (webtiles) character file.

Game seed: 6025948370108853356

198 2tc the Ruffian (level 5, -4/39 (40) HPs)
             Began as a Draconian Transmuter on July 4, 2021.
             Slain by a wight (14 damage)
             ... on level 8 of the Dungeon.
             The game lasted 00:07:55 (3088 turns).

2tc the Ruffian (Draconian Transmuter)              Turns: 3088, Time: 00:07:56

HP:   -4/39 (40)    AC:  5    Str: 13    XL:     5   Next: 47%
MP:   8/8           EV: 16    Int: 13    God:
Gold: 146           SH:  0    Dex: 12    Spells: 5/8 levels left

rFire    + . .     SeeInvis .     - Unarmed
rCold    . . .     Faith    .   (no shield)
rNeg     . . .     Spirit   .   (armour unavailable)
rPois    .         Reflect  .   (helmet restricted)
rElec    .         Harm     .   (no cloak)
rCorr    .         Rampage  .   (no gloves)
Will     .....                  (no boots)
Stlth    +.........             a - amulet of magic regeneration
HPRegen  0.13/turn              d - +4 ring of evasion
MPRegen  0.36/turn              (no ring)

@: slowed, lightly drained, very slow
A: AC +5, unfitting armour, cold-blooded, horns 1, fire resistance 1
a: no special abilities


You were on level 8 of the Dungeon.
You visited 1 branch of the dungeon, and saw 6 of its levels.

You collected 146 gold pieces.

Inventory:

Jewellery
 a - an amulet of magic regeneration (around neck)
 d - a +4 ring of evasion (left hand)
Scrolls
 c - 3 scrolls of amnesia
Potions
 b - 2 potions of attraction
 f - a potion of flight


   Skills:
 - Level 1.1 Fighting
 + Level 2.1 Dodging
 - Level 5.0 Unarmed Combat
 - Level 2.0 Spellcasting
 - Level 4.0 Transmutations


You had 5 spell levels left.
You knew the following spells:

 Your Spells              Type           Power      Damage    Failure   Level
a - Beastly Appendage     Tmut           22%        N/A       4%          1
b - Wereblood             Tmut           11%        N/A       8%          2

Your spell library contained the following spells:

 Spells                   Type           Power      Damage    Failure   Level
 Spider Form              Tmut/Pois      3%         N/A       32%         3
 Static Discharge         Conj/Air       1%         N/A       36%         2
 Ice Form                 Ice/Tmut       6%         N/A       73%         4
 Lightning Bolt           Conj/Air       0%         1d11      100%        5
 Maxwell's Capacitive Co  Air            0%         ∞         100%        8


Dungeon Overview and Level Annotations

Branches:
Dungeon (8/15)
 Temple: D:4-7         Lair: D:8-11

Altars:
Yredelemnul

Shops:
D:2 =

Annotations:
D:3 3 runed translucent doors, rlybad's ghost, amateur GrWn


Innate Abilities, Weirdness & Mutations

Your plain brown scales are hard. (AC +5)
You cannot fit into any form of body armour.
You are cold-blooded and may be slowed by cold attacks.
You have a pair of small horns on your head.
Your flesh is heat resistant. (rF+)


Message History

Found 15 arrows.
There is a stone staircase leading up here.
You punch the adder!
The adder is heavily wounded.
The adder bites you but does no damage.
You hit the adder.
You kill the adder!
Okay, then.
Found a fuming coppery potion.
Found a stone staircase leading down.
Found 6 arrows.
Found 4 javelins.
e - a fuming coppery potion
There are no items here.
The wight closely misses you.
A sky beast comes into view.
The sky beast moves out of view.
The sky beast flickers out of sight!
Deactivating autopickup; reactivate with Ctrl-A.
There is a stone staircase leading down here.
The wight closely misses you.
A sky beast appears from thin air!
Reactivating autopickup.
You climb downwards.
Found 21 bolts.
There is a stone staircase leading up here.
It was a potion of curing.
You feel better. The wight barely misses you.
You closely miss the wight. The wight closely misses you.
You completely miss the wight.
You headbutt the wight, but do no damage.
The wight hits you with a +3 mace of freezing.
You feel drained.
You feel yourself slow down. The wight freezes you.
You hit the wight but do no damage. The wight barely misses you.
The wight hits you with a +3 mace of freezing.
* * * LOW HITPOINT WARNING * * *
You feel as though you will be slow longer.
The wight freezes you.
* * * LOW HITPOINT WARNING * * *
You hit the wight but do no damage.
The wight hits you with a +3 mace of freezing!
You die...

#... #...............
...##...............
..#................
........#.......... .
##...............(.
...##..................
.......................
#.....@z......<.......
#.....##......##......
#...## ##...### .....
#... #....# ..## ##.
#####.... ... .. ###..
## #


You could see a wight.

Vanquished Creatures
  A water moccasin (D:6)
  4 adders
  A dart slug (D:1)
  2 orcs (D:6)
  2 bats (D:3)
  7 endoplasms
  A giant cockroach (D:1)
  5 goblins
  3 hobgoblins
  10 jackals (D:1)
  A quokka (D:1)
  2 ball pythons (D:1)
  4 frilled lizards
  2 kobolds (D:1)
  9 rats
54 creatures vanquished.

Notes
Turn   | Place    | Note
-------+----------+-------------------------------------------
     0 | D:1      | 2tc the Draconian Transmuter began the quest for the Orb.
     0 | D:1      | Reached XP level 1. HP: 16/16 MP: 3/3
   186 | D:1      | Reached XP level 2. HP: 13/23 MP: 5/5
   188 | D:1      | Gained mutation: You have a pair of large horns on your
                  | head. [potion of mutation]
   188 | D:1      | Gained mutation: Your flesh is heat resistant. (rF+)
                  | [potion of mutation]
   493 | D:1      | Reached skill level 4 in Unarmed Combat
   647 | D:1      | Reached XP level 3. HP: 26/28 MP: 6/6
  1108 | D:2      | Learned a level 2 spell: Wereblood
  1622 | D:2      | Found a faded altar of an unknown god.
  1718 | D:2      | Found Toll's Jewellery Emporium.
  2188 | D:3      | Reached skill level 5 in Unarmed Combat
  2188 | D:3      | Reached XP level 4. HP: 34/35 MP: 7/7
  2654 | D:3      | Found a runed translucent gate.
  2654 | D:3      | Found a runed translucent gate.
  2654 | D:3      | Found a runed translucent gate.
  2654 | D:3      | Noticed rlybad's ghost (amateur GrWn)
  2656 | D:3      | Found a basalt altar of Yredelemnul.
  2657 | D:3      | You fall into a shaft and drop 3 floors!
  2657 | D:6      | Noticed a water moccasin
  2673 | D:6      | Killed a water moccasin
  2674 | D:6      | Reached XP level 5. HP: 9/40 MP: 8/8
  2692 | D:6      | HP: 2/40 [orc (1)]
  3008 | D:6      | Noticed a two-headed ogre
  3019 | D:6      | Noticed an orc warrior
  3041 | D:6      | Noticed a phantom
  3072 | D:7      | Noticed a sky beast
  3088 | D:8      | Slain by a wight

Illustrated notes

Levels and vault maps discovered:
D:1:      roderic_chinese_lattice_arrival, layout_basic, st_stairs_9
D:2:      layout_basic, shapermc_ecumenical_altar_mp_ritualfount, serial_shops,
          nicolae_diamond_shop
D:3:      layout_loops_ring, nicolae_yredelemnul_ghost_church,
          worldfamousw_hep_ancestral_shrine
D:6:      layout_gridville, okawaru_altar_gauntlet_db,
          nicolae_ossuary_entry_ruins, minmay_curled_crystal
D:7:      cheibrodos_iron_armory, layout_loops_ring,
          minmay_temple_entry_stoned_glass
D:8:      layout_layer_cave, serial_shops, shop, hangedman_decor_push

Skill      XL: |  1  2  3  4  5 |
---------------+----------------+-----
Unarmed Combat | 4 5 |  5.0
Transmutations | 4 |  4.0
Dodging        | 2 |  2.1
Fighting       | |  1.1
Spellcasting   | |  2.0

Action                   |  1- 3 |  4- 6 || total
-------------------------+-------+-------++-------
Melee: Unarmed           |   124 |    41 ||   165
       Headbutt          |    12 |     3 ||    15
       Kick              |    11 |     3 ||    14
       Tailslap          |    12 |     6 ||    18
       Punch             |     1 |     1 ||     2
 Cast: Beastly Appendage |     9 |     6 ||    15
  Use: Scroll            |     4 |     2 ||     6
       Potion            |     1 |     2 ||     3
 Stab: Sleeping          |       |     1 ||     1
Armor: Skin              |    30 |    16 ||    46
Dodge: Dodged            |    53 |    80 ||   133

Table legend: (Time is in decaauts)
 A = Elapsed time spent in this place.
 B = Non-inter-level travel time spent in this place.
 C = Inter-level travel time spent in this place.
 D = Time resting spent in this place.
 E = Time spent auto-exploring this place.
 F = Levels seen in this place.
 G = Mean time per level.
                   A        B        C        D        E       F      G
               +--------+--------+--------+--------+--------+-----+--------+
         Total |   3074 |   2993 |     81 |    456 |   2091 |   6 |  512.3 |
       Dungeon |   3074 |   2993 |     81 |    456 |   2091 |   6 |  512.3 |
               +--------+--------+--------+--------+--------+-----+--------+

Top non-repeatable levels by time:
     D:1: 1051 daAuts
     D:2: 987 daAuts
     D:3: 607 daAuts
     D:6: 400 daAuts
     D:7: 15 daAuts
     D:8: 13 daAuts
